 Dungeon Crawl Stone Soup version 0.21.1-1-g345015f (webtiles) character file.

54 JeffiDaFish the Digger (level 3, 0/17 HPs)
             Began as a Gargoyle Earth Elementalist on Feb 18, 2018.
             Slain by Natasha (8 damage)
             ... on level 2 of the Dungeon.
             The game lasted 00:03:25 (1631 turns).

JeffiDaFish the Digger (GrEE)                       Turns: 1631, Time: 00:03:25

Health: 0/17       AC:  5    Str: 11    XL:     3   Next: 91%
Magic:  3/7        EV: 12    Int: 20    God:
Gold:   76         SH:  0    Dex: 10    Spells: 6/7 levels left

rFire    . . .     SeeInvis .   k - +0 mace (curse)
rCold    . . .     Gourm    .   (no shield)
rNeg     + . .     Faith    .   c - +0 robe
rPois    ∞         Spirit   .   (no helmet)
rElec    +         Reflect  .   (no cloak)
rCorr    .         Harm     .   (no gloves)
MR       .....                  (no boots)
Stlth    +.........             (no amulet)
HPRegen  0.05/turn              h - +2 ring of intelligence
MPRegen  0.10/turn              (no ring)

@: very slow
A: clever 1, frail 1, negative energy resistance 1, electricity resistance,
unbreathing, petrification resistance, no potion heal 1, rot immunity, AC +3
a: no special abilities


You were on level 2 of the Dungeon.
You were not hungry.

You visited 1 branch of the dungeon, and saw 2 of its levels.

You collected 76 gold pieces.

Inventory:

Hand Weapons
 k - a cursed +0 mace (weapon)
Missiles
 b - 53 stones (quivered)
Armour
 c - a +0 robe (worn)
Jewellery
 h - a +2 ring of intelligence (left hand)
Wands
 i - a wand of clouds (4)
Scrolls
 a - a scroll of remove curse
 g - a scroll of fog
Books
 e - a book of Geomancy

   Spells                             Type                      Level
   a - Sandblast                      Earth                        1
   b - Passwall                       Transmutation/Earth          2
   c - Stone Arrow                    Conjuration/Earth            3
   d - Petrify                        Transmutation/Earth          4
   e - Lee's Rapid Deconstruction     Earth                        5
Comestibles
 d - 4 rations
 j - 3 chunks of flesh


   Skills:
   Level 0.1 Short Blades
 - Level 1.9 Dodging
 - Level 2.3 Stealth
 - Level 0.2 Unarmed Combat
 + Level 2.9 Spellcasting
   Level 0.7 Transmutations
 + Level 4.4 Earth Magic


You had 6 spell levels left.
You knew the following spells:

 Your Spells              Type           Power        Failure   Level  Hunger
a - Sandblast             Erth           ###...       2%          1    None


Dungeon Overview and Level Annotations

Branches:
Dungeon (2/15)

Altars:
Ashenzari
Cheibriados

Annotations:
D:2 Natasha


Innate Abilities, Weirdness & Mutations

You are resistant to torment.
Your stone body is resilient. (AC +3)
You are immune to poison.
You resist negative energy. (rN+)
You are resistant to electric shocks. (rElec)
You can survive without breathing.
You are immune to petrification.
You are immune to rotting.
Your mind is acute. (Int +2)
You are frail. (-10% HP)
Potions are less effective at restoring your health.


Message History

Press: ? - help, Shift-Dir - straight line, f/p - Natasha
Aim: Natasha (almost dead)
The blast of sand misses Natasha.
b - 54 stones Natasha barely misses you.
Casting: Sandblast
Confirm with . or Enter, or press ? or * to list all spells.
Aiming: Sandblast
Press: ? - help, Shift-Dir - straight line, f/p - Natasha
Aim: Natasha (almost dead)
The blast of sand misses Natasha.
b - 53 stones Natasha casts a spell at you.
You resist with significant effort.
Your unstable footing causes you to fumble your attack.
Natasha barely misses you.
Your unstable footing causes you to fumble your attack.
Natasha casts a spell at you. The magic dart hits you! Natasha claws you!
You die...

........# #.............#
.....##..............######.#
....###......................
..#.###..####.#####..######.#
..#... ..####..≈≈≈#........
..... .....≈≈≈≈≈##......
#.#.##.. ###..≈≈.≈≈_#########
÷.#..... .....≈≈≈≈≈##.......#
........ ......≈@≈#..########
#....... ####.#h#.#....#
#.###... .. #.#.##.###
........ # #.#.##.########
..###..# #.#.##.##...(.#
..###..## ##.#.#.##.##.###.#
......... ...)..........# #.#
.####...#.###.###.##.##.###.#
.####...#.# #.# #.##........#


You could see Natasha.

Vanquished Creatures
  2 adders (D:2)
  3 dart slugs
  A leopard gecko (D:1)
  6 bats
  2 giant cockroaches
  6 goblins (D:1)
  2 hobgoblins
  4 kobolds
  A ball python (D:1)
  A frilled lizard (D:1)
28 creatures vanquished.

Notes
Turn   | Place    | Note
-------+----------+-------------------------------------------
     0 | D:1      | JeffiDaFish the Gargoyle Earth Elementalist began the quest for the Orb.
     0 | D:1      | Reached XP level 1. HP: 10/10 MP: 3/3
   241 | D:1      | Reached XP level 2. HP: 13/15 MP: 3/5
   295 | D:1      | Gained mutation: You are frail. (-10% HP) [potion of mutation]
   295 | D:1      | Gained mutation: Potions are less effective at restoring your health. [potion of mutation]
   295 | D:1      | Gained mutation: Your mind is acute. (Int +2) [potion of mutation]
   775 | D:2      | Reached skill level 4 in Earth Magic
   775 | D:2      | Reached XP level 3. HP: 17/17 MP: 6/6
  1223 | D:2      | Found a shattered altar of Ashenzari.
  1421 | D:2      | Found a snail-covered altar of Cheibriados.
  1625 | D:2      | Noticed Natasha
  1631 | D:2      | Slain by Natasha

Skill      XL: |  1  2 |
---------------+-------+-----
Earth Magic    | 4 |  4.4
Short Blades   | |  0.1
Dodging        | |  1.9
Stealth        | |  2.3
Unarmed Combat | |  0.2
Spellcasting   | |  2.9
Transmutations | |  0.7

Action                   || total
-------------------------++-------
Melee: Unarmed           ||    19
       Dagger            ||    59
       Mace              ||     5
 Cast: Sandblast         ||    24
  Use: Potion            ||     6
       Scroll            ||     7
 Stab: Sleeping          ||     4
       Invisible         ||     1
  Eat: Chunk             ||     2
Armor: Robe              ||    34
Dodge: Dodged            ||    77
